 Dungeon Crawl Stone Soup version 0.16-a0-4127-g24fbb24 (webtiles) character file.

139 timbw the Charmwright (level 5, -14/51 HPs)
             Began as a Halfling Skald on Mar 2, 2015.
             Demolished by Pikel
             ... wielding a +2 whip of electrocution
              (19 damage)
             ... on level 4 of the Dungeon.
             The game lasted 00:08:50 (1252 turns).

timbw the Charmwright (Halfling Skald)              Turns: 1252, Time: 00:08:50

Health: -14/51     AC: 22    Str: 12    XL:     5   Next: 46%
Magic:  2/9        EV:  3    Int: 11    God:
Gold:   121        SH:  0    Dex: 20    Spells: 3 memorised, 1 level left

rFire  . . .     SeeInvis .     a - +0 spear
rCold  . . .     Clarity  .     b - melded +0 leather armour
rNeg   + + +     SustAb   .     (no shield)
rPois  +         Gourm    .     (helmet currently unavailable)
rElec  .         Spirit   .     s - melded +0 cloak
rCorr  .         Warding  .     i - melded +0 pair of gloves
rMut   .         NoTele   +     (boots currently unavailable)
MR     .....                    (no amulet)
Stlth  +++.......               (no ring)
                                (no ring)

@: agile, tree-form (expiring), very slightly contaminated, not resistant to
hostile enchantments, fairly stealthy
A: mutation resistance 1
a: no special abilities


You were on level 4 of the Dungeon.
You were hungry.
You were a tree.
You visited 1 branch of the dungeon, and saw 4 of its levels.

You collected 121 gold pieces.

Inventory:

Hand weapons
 a - a +0 spear (weapon)
Armour
 b - a +0 leather armour (melded)
 i - a +0 pair of gloves (melded)
 s - a +0 cloak (melded)
Scrolls
 e - a scroll of fog {unknown}
 g - 2 scrolls of identify
 h - a scroll of remove curse {unknown}
 k - a scroll of immolation {unknown}
 l - a scroll of enchant weapon {unknown}
 n - a scroll of magic mapping {unknown}
 q - a scroll of amnesia {unknown}
 t - a scroll of teleportation {unknown}
Potions
 m - a potion of brilliance
Books
 c - a book of Battle

   Spells                             Type                      Level
   a - Infusion                       Charms                       1
   b - Shroud of Golubria             Charms/Translocation         2
   c - Song of Slaying                Charms                       2
   d - Spectral Weapon                Hexes/Charms                 3
   e - Regeneration                   Charms/Necromancy            3
Comestibles
 d - 2 bread rations
 f - 3 chunks of flesh
 j - 2 meat rations


   Skills:
 - Level 1.7 Fighting
 - Level 1.3 Polearms
 - Level 1.1 Armour
 - Level 1.1 Dodging
 - Level 2.3 Spellcasting
 + Level 0.8 Hexes
 * Level 5.1 Charms
 + Level 1.2 Necromancy


You had one spell level left.
You knew the following spells:

 Your Spells              Type           Power        Failure   Level  Hunger
a - Infusion              Chrm           ##....       3%          1    ##.....
b - Regeneration          Chrm/Necr      #.........   24%         3    ####...
c - Spectral Weapon       Hex/Chrm       #.......     24%         3    ####...


Dungeon Overview and Level Annotations

Branches:
Dungeon (4/15)
 Temple: D:4-7

Altars:
Fedhas
Ru
Vehumet

Annotations:
D:2 Sigmund
D:4 Pikel; emiel's ghost, average NaMo


Innate Abilities, Weirdness & Mutations

You are small and have problems with some larger weapons.
You are somewhat resistant to further mutation.


Message History

Pikel is lightly wounded.
Pikel hits you but does no damage.
You hit Pikel but do no damage.
Pikel is lightly wounded.
Pikel hits you but does no damage.
You hit Pikel but do no damage.
Pikel is lightly wounded.
Your transformation is almost over.
Pikel hits you but does no damage.
You closely miss Pikel.
Pikel is lightly wounded.
Pikel barely misses you.
You hit Pikel.
Pikel is moderately wounded.
Pikel hits you but does no damage.
You barely miss Pikel.
Pikel is moderately wounded.
Pikel waves his whip at you. Pikel hits you but does no damage.
You are electrocuted!
You die...

##...#.........# .....
#...†.........####?p.
#..............#....
##...#.........#...#
#...#.........###'#
##.##..†....#...p.#
###.##.......#..p#.#
#............#...###
#.....###..#♣#K..#_#
#.........##K#.....#
#.....######p..###+#+##
#.....# ##....#...#...#
#.....# #.....#.......
#.....# #....####...###
####..# #.....#.......#
. #..##
#.....#.......#..
###..###...............#


You could see Pikel and a slave.

Vanquished Creatures
  2 gnolls
  6 adders
  A worm (D:3)
  A giant gecko (D:1)
  An ooze (D:1)
  A ball python (D:3)
  7 giant cockroaches
  7 goblins
  3 hobgoblins
  3 jackals (D:2)
  A quokka (D:2)
  9 bats
  2 giant newts (D:1)
  6 kobolds
  9 rats
59 creatures vanquished.

Vanquished Creatures (others)
  4 toadstools (D:1)
4 creatures vanquished.

Grand Total: 63 creatures vanquished

Notes
Turn   | Place    | Note
--------------------------------------------------------------
     0 | D:1      | timbw, the Halfling Skald, began the quest for the Orb.
     0 | D:1      | Reached XP level 1. HP: 14/14 MP: 2/2
   128 | D:1      | Reached skill level 4 in Charms
   128 | D:1      | Reached XP level 2. HP: 9/19 MP: 0/3
   209 | D:1      | Reached XP level 3. HP: 7/24 MP: 0/5
   223 | D:1      | Learned a level 3 spell: Regeneration
   534 | D:2      | Reached XP level 4. HP: 27/29 MP: 8/8
   569 | D:2      | Learned a level 3 spell: Spectral Weapon
   590 | D:2      | Noticed Sigmund
   868 | D:4      | Noticed emiel's ghost (average NaMo)
   975 | D:3      | Reached XP level 5. HP: 31/34 MP: 9/9
   990 | D:3      | Found a blossoming altar of Fedhas.
  1038 | D:3      | Reached skill level 1 in Necromancy
  1061 | D:3      | Reached skill level 5 in Charms
  1146 | D:4      | Found a radiant altar of Vehumet.
  1160 | D:4      | Found a sacrificial altar of Ru.
  1220 | D:4      | Noticed a slave
  1220 | D:4      | Noticed a slave
  1221 | D:4      | Noticed a slave
  1221 | D:4      | Noticed Pikel
  1221 | D:4      | Noticed a slave
  1252 | D:4      | Demolished by Pikel

Action                   |  1- 3 |  4- 6 || total
-------------------------+-------+-------++-------
Melee: Spear             |   127 |   138 ||   265
 Cast: Infusion          |     8 |     1 ||     9
       Regeneration      |     4 |     6 ||    10
       Spectral Weapon   |       |     3 ||     3
  Use: Potion            |     1 |     5 ||     6
       Scroll            |       |     4 ||     4
  Eat: Chunk             |       |     4 ||     4
       Pizza             |       |     1 ||     1
